 Dungeon Crawl Stone Soup version 0.30-a0-760-g5a9884bb7c (webtiles) character file.

Game seed: 10515279994084389429

21 kingofthe the Conjurer (level 2, 0/17 HPs)
             Began as an Octopode Conjurer on Feb 12, 2023.
             Slain by a ball python (3 damage)
             ... on level 1 of the Dungeon.
             The game lasted 00:01:28 (446 turns).

kingofthe the Conjurer (Octopode Conjurer)           Turns: 446, Time: 00:01:29

Health: 0/17       AC:  1    Str:  6    XL:     2   Next: 87%
Magic:  0/5        EV: 10    Int: 20    God:
Gold:   10         SH:  0    Dex: 10    Spells: 2/5 levels left

rFire   . . .      SeeInvis .    (no weapon)
rCold   . . .      Faith    .    (no shield)
rNeg    . . .      Spirit   .    (helmet restricted)
rPois   .          Reflect  .    (no amulet)
rElec   .          Harm     .    (no ring)
rCorr   .          Rampage  .    (no ring)
Will    .....                    (no ring)
Stlth   +++                      (no ring)
HPRegen 0.22/turn                (no ring)
MPRegen 0.09/turn                (no ring)
                                 (no ring)
                                 (no ring)

@: constricted
A: almost no armour, amphibious, 8 rings, camouflage 1, gelatinous body 1,
(nimble swimmer 1), tentacles
a: no special abilities


You were on level 1 of the Dungeon.
You visited 1 branch of the dungeon, and saw 1 of its levels.

You collected 10 gold pieces.

Inventory:

Scrolls
 c - a scroll of enchant armour {unknown}
Potions
 a - a potion of magic
 b - a potion of cancellation {unknown}
 d - 2 potions of degeneration {unknown}
 e - a potion of invisibility {unknown}


   Skills:
 + Level 2.3 Dodging
 + Level 3.2 Stealth
 * Level 2.4 Spellcasting
 + Level 4.1 Conjurations


You had 2 spell levels left.
You knew the following spells:

 Your Spells              Type           Power      Damage    Failure   Level
a - Magic Dart            Conj           76%        1d6       2%          1
b - Searing Ray           Conj           38%        2d5       4%          2

Your spell library contained the following spells:

 Spells                   Type           Power      Damage    Failure   Level
 Dazzling Flash           Conj/Hex       20%        N/A       19%         3
 Fulminant Prism          Conj/Hex       5%         3d7       54%         4
 Iskenderun's Mystic Bla  Conj/Tloc      10%        2d4       54%         4


Dungeon Overview and Level Annotations

Branches:
Dungeon (1/15)

Altars:


Innate Abilities, Weirdness & Mutations

You cannot wear most types of armour.
You are amphibious.
You can wear up to eight rings at the same time.
Your skin changes colour to match your surroundings (Stealth+).
Your rubbery body absorbs attacks. (AC +1, EV +1)
((You are camouflaged when in or above water. (Stealth+)))
You have tentacles for arms and can constrict up to eight enemies at once.


Message History

The magic dart hits the bat but does no damage.
The magic dart hits the bat.
You kill the bat!
A goblin comes into view.
It is wielding a +0 short sword and quivering poisoned darts.
Found a scroll labelled IVOHUOTUDAMO and a dark potion.
A goblin comes into view. It is wielding a +0 dagger.
The goblin shouts! x2
The goblin drinks a potion.
The goblin seems to speed up.
You hear an angry hiss.
A giant cockroach comes into view.
Found a club.
A ball python comes into view.
The goblin misses you.
You see here a bat corpse.
You closely miss the goblin. Your grab misses the goblin.
The goblin hits you with a +0 short sword.
The goblin misses you. The goblin attacks as you move away!
The goblin hits you with a +0 dagger. The goblin misses you.
Unknown command.
The magic dart hits the goblin.
You kill the goblin!
The goblin hits you with a +0 short sword.
The goblin barely misses you.
You tentacle-slap the goblin but do no damage.
Your grab misses the goblin. The giant cockroach bites you.
The goblin closely misses you.
You closely miss the goblin. Your grab misses the goblin.
You squeeze the goblin.
You kill the goblin!
The giant cockroach bites you but does no damage.
The ball python misses you. The ball python grabs you.
The ball python constricts you.
* * * LOW HITPOINT WARNING * * *
The giant cockroach closely misses you.
You barely miss the ball python. Your grab misses the ball python.
The giant cockroach bites you.
* * * LOW HITPOINT WARNING * * *
The ball python bites you.
You die...

...................
...................
..................#
#..................#
###........#........!...
....... .....# .........
....### #..###.†......
############....@S......
# #...........))B......
# ##.........##........
###.......##))..?...
#.......#.........
##.......#......... #
####.....####.........
###....#..(# ##........
....#......# .......


You could see a giant cockroach and a ball python.

Vanquished Creatures
  A ball python (D:1)
  2 bats (D:1)
  6 endoplasms (D:1)
  A giant cockroach (D:1)
  2 goblins (D:1)
  2 hobgoblins (D:1)
  A kobold (D:1)
  3 rats (D:1)
18 creatures vanquished.

Notes
Turn   | Place    | Note
-------+----------+-------------------------------------------
     0 | D:1      | kingofthe the Octopode Conjurer began the quest for the
                  | Orb.
     0 | D:1      | Reached XP level 1. HP: 11/11 MP: 3/3
   171 | D:1      | Reached XP level 2. HP: 12/17 MP: 0/5
   320 | D:1      | Learned a level 2 spell: Searing Ray
   446 | D:1      | Slain by a ball python

Illustrated notes

Levels and vault maps discovered:
D:1:      lemuel_arrival_hallway, layout_rooms

Skill      XL: |  1 |
---------------+----+-----
Stealth        | 3 |  3.2
Dodging        | |  2.3
Spellcasting   | |  2.4
Conjurations   | |  4.1

Action                     || total
---------------------------++-------
  Melee: Unarmed           ||     9
         Tentacles         ||     2
         Constrict         ||     1
   Cast: Magic Dart        ||    31
 Armour: Skin              ||     1
  Dodge: Dodged            ||    11

Table legend: (Time is in decaauts)
 A = Elapsed time spent in this place.
 B = Non-inter-level travel time spent in this place.
 C = Inter-level travel time spent in this place.
 D = Time resting spent in this place.
 E = Time spent auto-exploring this place.
 F = Levels seen in this place.
 G = Mean time per level.
                   A        B        C        D        E       F      G
               +--------+--------+--------+--------+--------+-----+--------+
         Total |    446 |    446 |      0 |    134 |    221 |   1 |  446.0 |
       Dungeon |    446 |    446 |      0 |    134 |    221 |   1 |  446.0 |
               +--------+--------+--------+--------+--------+-----+--------+

Top non-repeatable levels by time:
     D:1: 446 daAuts
